 Dungeon Crawl Stone Soup version 0.16.0-8-gd9ae3a8 (console) character file.

146 gw the Gusty (level 5, -10/26 HPs)
             Began as a Kobold Air Elementalist on Mar 16, 2015.
             Mangled by an ogre
             ... wielding a +0 giant spiked club
              (11 damage)
             ... on level 4 of the Dungeon.
             The game lasted 00:02:48 (4400 turns).

gw the Gusty (Kobold Air Elementalist)              Turns: 4400, Time: 00:02:48

Health: -10/26     AC:  4    Str:  7    XL:     5   Next: 53%
Magic:  0/11       EV: 15    Int: 14    God:
Gold:   87         SH:  0    Dex: 16    Spells: 4 memorised, 2 levels left

rFire  . . .     SeeInvis .     b - +4 rapier
rCold  . . .     Clarity  .     i - +0 leather armour
rNeg   . . .     SustAb   .     (no shield)
rPois  .         Gourm    .     (no helmet)
rElec  .         Spirit   .     (no cloak)
rCorr  .         Warding  .     (no gloves)
rMut   .         Stasis   .     e - +0 pair of boots
MR     .....                    (no amulet)
Stlth  ++........               (no ring)
                                (no ring)

@: short of breath, very slightly contaminated, repel missiles, drained, not
resistant to hostile enchantments, unstealthy
A: carnivore 3, frail 1, spit poison 1
a: Spit Poison


You were on level 4 of the Dungeon.
You were very full.

You visited 1 branch of the dungeon, and saw 4 of its levels.

You collected 87 gold pieces.

Inventory:

Hand weapons
 b - a +4 rapier (weapon)
Missiles
 c - 5 tomahawks (quivered)
 d - 24 stones
Armour
 e - a +0 pair of boots (worn)
 i - a +0 leather armour (worn)
Magical devices
 j - a wand of cold (8)
Scrolls
 a - 4 scrolls of remove curse
 g - 7 scrolls of identify
 n - a scroll of teleportation
Books
 f - a book of Air

   Spells                             Type                      Level
   a - Shock                          Conjuration/Air              1
   b - Swiftness                      Charms/Air                   2
   c - Repel Missiles                 Charms/Air                   2
   d - Flight                         Charms/Air                   3
   e - Static Discharge               Conjuration/Air              3
   f - Lightning Bolt                 Conjuration/Air              5


   Skills:
 + Level 1.4(0.9) Fighting
 + Level 2.2(1.7) Short Blades
 + Level 3.4(2.9) Dodging
 - Level 2.6(2.1) Stealth
 * Level 3.3(2.8) Spellcasting
 - Level 0.8(0.3) Conjurations
 + Level 3.6(3.0) Air Magic


You had 2 spell levels left.
You knew the following spells:

 Your Spells              Type           Power        Failure   Level  Hunger
a - Shock                 Conj/Air       #...         21%         1    #......
b - Swiftness             Chrm/Air       #.......     30%         2    ###....
c - Repel Missiles        Chrm/Air       #.....       30%         2    ###....
d - Flight                Chrm/Air       #.........   61%         3    ###....


Dungeon Overview and Level Annotations

Branches:
Dungeon (4/15)
 Temple: D:4-7

Altars:

Annotations:
D:1 exclusion: downstairs


Innate Abilities, Weirdness & Mutations

You are small and have problems with some larger weapons.
You are carnivorous and can eat meat at any time.
You are frail (-10% HP).
You can spit poison.


Message History

Unknown command.
Unknown command.
Unknown command.
Unknown command.
Casting: Shock
Confirm with . or Enter, or press ? or * to list all spells.
Aiming: Shock
Press: ? - help, Shift-Dir - straight line, f/p - ogre
Aim: an ogre, wielding a giant spiked club (severely wounded)
You miscast Shock.
Nothing appears to happen.
The ogre hits you with a giant spiked club!
Ouch! That really hurt!
Use which ability? (? or * to list)
Press: ? - help, Shift-Dir - straight line, f/p - ogre
Aim: an ogre, wielding a giant spiked club (severely wounded)
The splash of poison hits the ogre.
The ogre is poisoned.
The ogre is almost dead.
You feel slightly less full.
The ogre hits you with a giant spiked club!
You die...

#..##.##.# #.# #......
#<.##.##.####.# #....[.
#.............#####....<.
#..##..###.#.............
#..##..# #...######....(.
#..##..###.### #####.#
#..##......# #.#
#........### #.#
#.......KO# ...
#.#######........ #.# .
.####.. . .# .. .# .# .#
.


You could see an ogre.

Table legend:
 A = Turns spent in this place as a percentage of turns spent in the entire game.
 B = Non-inter-level travel turns spent in this place as a percentage of non-inter-level travel turns spent in the entire game.
 C = Inter-level travel turns spent in this place as a percentage of turns spent in this place.
 D = Turns resting spent in this place as a percentage of non-inter-level travel turns spent in this place.
 E = Turns spent auto-exploring this place as a percentage of non-inter-level travel turns spent in this place.
 F = Non-inter-level travel turns spent in this place divided by the number of levels of this place that you've seen.
                   A       B       C       D       E      F
               +-------+-------+-------+-------+-------+----------------------
         Total | 100.0 | 100.0 |   1.0 |   2.6 |   2.6 | 1132.0
       Dungeon | 100.0 | 100.0 |   1.0 |   2.6 |   2.6 | 1132.0
               +-------+-------+-------+-------+-------+----------------------

Table legend:
 A = Kills in this place as a percentage of kills in entire the game.
 B = Kills by you in this place as a percentage of kills by you in the entire game.
 C = Kills by friends in this place as a percentage of kills by friends in the entire game.
 D = Other kills in this place as a percentage of other kills in the entire game.
 E = Experience gained in this place as a percentage of experience gained in the entire game.
 F = Experience gained in this place divided by the number of levels of this place that you have seen.
                   A       B       C       D       E      F
               +-------+-------+-------+-------+-------+----------------------
         Total | 100.0 | 100.0 |  -nan |  -nan | 100.0 |  52.2
       Dungeon | 100.0 | 100.0 |  -nan |  -nan | 100.0 |  52.2
               +-------+-------+-------+-------+-------+----------------------

Vanquished Creatures
  An orc priest (D:3)
  Ijyb (D:1)
  4 adders
  A worm (D:3)
  An adder skeleton (D:4)
  A giant gecko (D:2)
  An ooze (D:3)
  5 orcs (D:3)
  6 hobgoblins
  6 kobolds
  A quokka (D:2)
  11 bats
  A giant cockroach (D:3)
  2 giant newts (D:1)
  6 goblins
  4 rats
52 creatures vanquished.

Notes
Turn   | Place    | Note
--------------------------------------------------------------
     0 | D:1      | gw, the Kobold Air Elementalist, began the quest for the Orb.
     0 | D:1      | Reached XP level 1. HP: 10/10 MP: 3/3
   604 | D:1      | Reached XP level 2. HP: 15/15 MP: 1/4
   639 | D:1      | Learned a level 2 spell: Swiftness
   642 | D:1      | Learned a level 2 spell: Repel Missiles
  1281 | D:2      | Noticed Ijyb
  1322 | D:1      | Killed Ijyb
  1322 | D:1      | Reached skill level 1 in Short Blades
  1322 | D:1      | Reached XP level 3. HP: 10/20 MP: 0/6
  1627 | D:2      | Reached XP level 4. HP: 20/24 MP: 0/8
  1722 | D:2      | Learned a level 3 spell: Flight
  2653 | D:2      | Learned a level 2 spell: Swiftness
  2697 | D:2      | Reached skill level 1 in Fighting
  2963 | D:3      | Reached XP level 5. HP: 16/29 MP: 1/11
  4254 | D:3      | Gained mutation: You can spit poison. [potion of mutation]
  4254 | D:3      | Gained mutation: You are frail (-10% HP). [potion of mutation]
  4387 | D:4      | Noticed an ogre
  4399 | D:4      | HP: 1/26 [ogre/giant spiked club (16)]
  4400 | D:4      | Mangled by an ogre

Action                   |  1- 3 |  4- 6 || total
-------------------------+-------+-------++-------
Melee: Dagger            |    11 |       ||    11
       Rapier            |    16 |    19 ||    35
Throw: Stone             |       |     5 ||     5
 Cast: Shock             |    40 |   113 ||   153
       Repel Missiles    |     1 |       ||     1
 Abil: Spit Poison       |       |     1 ||     1
  Use: Scroll            |     2 |    10 ||    12
       Potion            |     1 |     3 ||     4
  Eat: Chunk             |     5 |    11 ||    16
       Meat ration       |     1 |       ||     1

Vault maps used:
D:1:      eino_arrival_water_star, minmay_misc_feat_hallway,
          minmay_misc_feat_roman, minivault_5, grunt_decor_mini_mirrors,
          nrook_loot_triangle
D:2:      first_bread, uniq_iyjb
D:4:      wad_river_or_something, lemuel_round_altar, temple_hall,
          minmay_misc_feat_pillars
